 Dungeon Crawl Stone Soup version 0.29-a0-824-gd827844 (webtiles) character file.

Game seed: 10166441108024145241

44 PurpleRed the Sneak (level 3, -2/21 HPs)
             Began as a Deep Elf Brigand on July 9, 2022.
             Slain by an orc
             ... wielding a +0 short sword
              (3 damage)
             ... on level 3 of the Dungeon.
             The game lasted 00:03:29 (517 turns).

PurpleRed the Sneak (Deep Elf Brigand)               Turns: 517, Time: 00:03:29

Health: -2/21      AC:  4    Str:  8    XL:     3   Next: 41%
Magic:  10/10      EV: 11    Int: 20    God:
Gold:   32         SH:  0    Dex: 16    Spells: 9/9 levels left

rFire   . . .      SeeInvis .   i - +2 dagger (holy)
rCold   x . .      Faith    .   (no shield)
rNeg    . . .      Spirit   .   l - +0 leather armour "Qiegoqed" {rPois rC- Int+3}
rPois   +          Reflect  .   (no helmet)
rElec   .          Harm     .   c - +0 cloak
rCorr   .          Rampage  .   (no gloves)
Will    .....                   (no boots)
Stlth   +++.......              (no amulet)
HPRegen 0.07/turn               (no ring)
MPRegen 0.12/turn               (no ring)

@: no status effects
A: no striking features
a: no special abilities


You were on level 3 of the Dungeon.
You visited 1 branch of the dungeon, and saw 3 of its levels.

You collected 32 gold pieces.

Inventory:

Hand Weapons
 a - a +2 dagger
 i - a +2 dagger of holy wrath (weapon)
Missiles
 d - 9 poisoned darts (quivered)
 e - 3 curare-tipped darts
Armour
 b - a +0 robe
 c - a +0 cloak (worn)
 l - the +0 leather armour "Qiegoqed" (worn) {rPois rC- Int+3}
   (You found it on level 2 of the Dungeon)

   Int:       It affects your intelligence (+3).
   rC:        It makes you vulnerable to cold.
   rPois:     It protects you from poison.
 q - a +3 leather armour
Wands
 p - a wand of flame (16)
Scrolls
 f - 2 scrolls of identify {unknown}
 h - a scroll of silence {unknown}
 k - 2 scrolls of immolation {unknown}
 m - 2 scrolls of amnesia {unknown}
Potions
 g - a potion of lignification {unknown}
 j - 2 potions of magic {unknown}
 n - a potion of mutation {unknown}
 o - a potion of curing {unknown}


   Skills:
 - Level 2.0 Fighting
 - Level 2.0 Short Blades
 - Level 2.0 Throwing
 - Level 1.2 Dodging
 - Level 4.8 Stealth
 + Level 3.7 Spellcasting


You had 9 spell levels left.
You didn't know any spells.
Your spell library was empty.

Dungeon Overview and Level Annotations

Branches:
Dungeon (3/15)

Altars:


Message History

You barely miss the orc. The orc barely misses you.
You barely miss the orc. You hit the orc.
The orc is moderately wounded.
The orc barely misses you.
You hit the orc.
The orc is severely wounded.
The orc hits you with a +0 club.
You closely miss the orc.
The orc is severely wounded.
The orc hits you with a +0 club.
You hit the orc.
You kill the orc!
You hit the orc.
The orc is lightly wounded.
The orc closely misses you.
You hit the orc but do no damage.
The orc is lightly wounded.
The orc closely misses you.
You hit the orc.
The orc is almost dead.
The orc barely misses you.
You hit the orc.
You kill the orc!
You hit the orc.
The orc is lightly wounded.
The orc hits you with a +0 short sword.
You closely miss the orc.
The orc is lightly wounded.
You closely miss the orc.
The orc is lightly wounded.
The orc hits you with a +0 short sword.
You closely miss the orc.
The orc is lightly wounded.
The orc hits you with a +0 short sword.
* * * LOW HITPOINT WARNING * * *
You hit the orc but do no damage.
The orc is lightly wounded.
The orc hits you with a +0 short sword.
You die...

## ## . .. #. .#
#.########.[. .##
#....@o....####..
###..########..# ## #
#...## ##...##.#..#
......#..#####..##....#
..######........#..##.#.b
#######...#.##..#
#.###....# ##.#..#.##..#
### #.....##.# #


You could see an orc.

Vanquished Creatures
  An adder (D:2)
  3 dart slugs
  3 orcs (D:3)
  4 bats
  An endoplasm (D:1)
  2 giant cockroaches (D:1)
  4 goblins (D:1)
  A hobgoblin (D:2)
  4 ball pythons
  A frilled lizard (D:1)
  2 kobolds (D:1)
  2 rats
28 creatures vanquished.

Notes
Turn   | Place    | Note
-------+----------+-------------------------------------------
     0 | D:1      | PurpleRed the Deep Elf Brigand began the quest for the Orb.
     0 | D:1      | Reached XP level 1. HP: 12/12 MP: 3/3
    42 | D:1      | Reached skill level 1 in Spellcasting
    93 | D:1      | Reached XP level 2. HP: 16/17 MP: 6/6
   103 | D:1      | Found a faded altar of an unknown god.
   208 | D:2      | Identified the +0 leather armour "Qiegoqed" {rPois rC-
                  | Int+3}
   376 | D:2      | Reached XP level 3. HP: 20/21 MP: 9/9
   516 | D:3      | HP: 1/21 [orc/+0 short sword (6)]
   517 | D:3      | Slain by an orc

Illustrated notes

Levels and vault maps discovered:
D:1:      spicycebolla_arrival_xxxplode, layout_basic,
          shapermc_ecumenical_altar_acropolis, dreamdust_mushroom_princess
D:2:      layout_loops_ring
D:3:      layout_rooms, nicolae_qazlal_general_emergency, serial_shops,
          nicolae_shop_hallway_stairs, serial_park_tiny_2, nicolae_eternal_life,
          uniq_grinder

Skill      XL: |  1  2 |
---------------+-------+-----
Spellcasting   | 1 3 |  3.7
Fighting       | 2 |  2.0
Short Blades   | |  2.0
Throwing       | |  2.0
Dodging        | |  1.2
Stealth        | |  4.8

Action                   || total
-------------------------++-------
Melee: Dagger            ||    76
 Stab: Sleeping          ||     7
Armor: Robe              ||     9
       Leather armour    ||     7
Dodge: Dodged            ||    38

Table legend: (Time is in decaauts)
 A = Elapsed time spent in this place.
 B = Non-inter-level travel time spent in this place.
 C = Inter-level travel time spent in this place.
 D = Time resting spent in this place.
 E = Time spent auto-exploring this place.
 F = Levels seen in this place.
 G = Mean time per level.
                   A        B        C        D        E       F      G
               +--------+--------+--------+--------+--------+-----+--------+
         Total |    509 |    509 |      0 |      0 |      0 |   3 |  169.7 |
       Dungeon |    509 |    509 |      0 |      0 |      0 |   3 |  169.7 |
               +--------+--------+--------+--------+--------+-----+--------+

Top non-repeatable levels by time:
     D:1: 199 daAuts
     D:2: 197 daAuts
     D:3: 112 daAuts
